Map: Oxide LE

Players

ShoWTimE - Winner!

  • Race: Protoss Protoss
  • League: Master
  • Spawn Location: 7:00

GunGFuBanDa

  • Race: Protoss Protoss
  • League: Grandmaster
  • Spawn Location: 1:00

Event: DreamHack SC2 Masters 2020 Winter

VOD

Have the link to the VOD?

Description

Time

  • Played on: Oct. 21, 2020, 1:56 p.m.
  • Length: 10:58

All games in this series

Show
View Real Time Build Order
Export as new Build Order

ShoWTimE Protoss - Winner!

Build Orders: Oracle Opening 

Get SALT Encoding   

  12  0:00  Probe  
  13  0:12  Probe  
  14  0:18  Pylon  
  14  0:24  Probe (Chrono Boost)  
  15  0:36  Probe (Chrono Boost)  
  15  0:37  Gateway  
  16  0:45  Probe (Chrono Boost)  
  16  0:47  Assimilator  
  17  0:51  Probe  
  18  1:03  Probe  
  19  1:11  Assimilator, Pylon  
  19  1:15  Probe  
  20  1:25  Cybernetics Core  
  20  1:26  Zealot (Chrono Boost)  
  20  1:27  Probe  
  23  1:39  Probe  
  24  1:43  Pylon  
  24  1:51  Probe  
  25  2:02  Stalker  
  25  2:03  Probe  
  25  2:07  Cybernetics Core  
  28  2:11  Warp Gate  
  28  2:20  Stargate  
  28  2:30  Pylon  
  28  2:35  Probe  
  29  2:54  Probe  
  30  2:59  Nexus  
  30  3:05  Oracle (Chrono Boost)  
  30  3:11  Probe  
  33  3:23  Probe  
  33  3:33  Oracle (Chrono Boost)  
  33  3:35  Probe  
  37  3:43  Twilight Council  
  37  3:48  Probe  
  38  3:53  Pylon  
  38  4:00  Probe (Chrono Boost)  
  39  4:11  Probe (Chrono Boost)  
  39  4:15  Sentry  
  39  4:16  Blink  
  43  4:18  Probe (Chrono Boost)  
  43  4:20  Gateway, Probe (Chrono Boost)  
  44  4:25  Probe (Chrono Boost)  
  44  4:28  Probe  
  46  4:34  Phoenix  
  46  4:37  Probe  
  44  4:41  Shield Battery, Probe  
  44  4:45  Robotics Facility  
  45  4:49  Probe  
  45  4:50  Stalker  
  48  4:54  Assimilator  
  48  4:57  Probe  
  49  5:01  Probe  
  49  5:02  Forge  
  50  5:07  Pylon  
  50  5:09  Probe  
  50  5:13  Stalker  
  50  5:14  Probe  
  54  5:20  Stalker  
  56  5:24  Probe  
  56  5:27  Observer  
  57  5:29  Gateway, Protoss Ground Weapons Level 1 (Chrono Boost), Probe  
  57  5:32  Pylon  
  59  5:40  Stalker  
  61  5:43  Probe x2  
  63  5:51  Stalker  
  63  5:57  Probe x2  
  66  6:08  Stalker  
  66  6:09  Probe  
  67  6:12  Probe  
  68  6:21  Probe, Immortal (Chrono Boost)  
  68  6:23  Pylon  
  68  6:25  Nexus  
  73  6:26  Sentry  
  73  6:32  Stalker  
  77  6:36  Probe  
  78  6:40  Pylon  
  78  6:41  Probe  
  79  6:47  Sentry  
  79  6:51  Gateway, Probe  
  79  6:52  Gateway  
  79  6:53  Probe  
  83  6:58  Warp Prism  
  85  7:03  Probe  
  85  7:04  Stalker  
  88  7:10  Stalker  
  88  7:12  Probe  
  88  7:14  Charge  
  91  7:15  Probe  
  91  7:17  Pylon  
  92  7:23  Stalker  
  94  7:31  Pylon  
  94  7:33  Protoss Ground Weapons Level 2 (Chrono Boost)  
  94  7:41  Probe x3  
  97  7:55  Stalker x3  
  97  7:56  Stalker x2  
  107  7:59  Gateway  
  107  8:05  Assimilator  
  107  8:08  Probe x3  
  110  8:12  Pylon  
  110  8:16  Gateway  
  110  8:17  Pylon  
  110  8:18  Gateway  
  110  8:27  Stalker x4  
  110  8:28  Stalker  
  110  8:32  Observer  
  120  8:39  Pylon  
  120  8:57  Stalker x5  
  128  9:12  Pylon  
  128  9:13  Probe x2  
  128  9:14  Probe  
  131  9:21  Stalker x3  
  131  9:22  Stalker x2  
  131  9:23  Zealot x3  
  146  9:26  Observer  
  147  9:34  Pylon  
  147  9:36  Pylon  
  141  9:40  Photon Cannon x2  
  141  9:42  Photon Cannon  
  141  9:49  Stalker x2  
  141  9:50  Stalker x3, Zealot x3  
  143  10:05  Probe  
  143  10:06  Probe x2  
  144  10:10  Observer  
  144  10:14  Photon Cannon  
  144  10:17  Probe  
  144  10:20  Zealot x4  
  144  10:21  Zealot x2  
  153  10:26  Zealot x2  
  157  10:31  Pylon, Observer  
  160  10:46  Pylon  
  160  10:48  Pylon  
Show
View Real Time Build Order
Export as new Build Order

GunGFuBanDa Protoss 

Build Orders: Blink Stalkers 

Get SALT Encoding   

  12  0:00  Probe  
  13  0:12  Probe  
  14  0:19  Pylon  
  14  0:24  Probe  
  15  0:37  Probe (Chrono Boost)  
  15  0:40  Gateway  
  16  0:46  Probe (Chrono Boost)  
  16  0:49  Assimilator  
  17  0:52  Probe (Chrono Boost)  
  18  1:04  Probe  
  19  1:16  Probe  
  19  1:17  Pylon  
  20  1:26  Assimilator  
  20  1:28  Probe  
  20  1:29  Zealot (Chrono Boost)  
  20  1:31  Cybernetics Core  
  23  1:40  Probe  
  24  1:52  Probe  
  25  1:55  Cybernetics Core  
  25  2:07  Pylon  
  25  2:11  Warp Gate  
  25  2:24  Adept (Chrono Boost)  
  25  2:25  Probe  
  28  2:37  Probe  
  28  2:47  Stalker  
  28  2:49  Probe  
  31  2:54  Pylon  
  31  3:00  Twilight Council  
  31  3:06  Nexus  
  31  3:33  Blink (Chrono Boost), Probe  
  32  3:36  Gateway  
  30  3:42  Shield Battery  
  30  3:45  Probe  
  31  3:52  Gateway  
  31  4:00  Stalker  
  30  4:06  Probe (Chrono Boost)  
  30  4:18  Probe (Chrono Boost)  
  30  4:20  Probe (Chrono Boost)  
  32  4:25  Stalker  
  32  4:27  Probe (Chrono Boost)  
  32  4:28  Probe (Chrono Boost)  
  32  4:30  Sentry  
  37  4:32  Probe (Chrono Boost)  
  33  4:40  Probe  
  33  4:44  Probe  
  35  4:50  Pylon  
  35  4:52  Probe  
  36  4:56  Probe  
  37  5:00  Sentry  
  37  5:01  Sentry  
  37  5:04  Probe  
  42  5:09  Probe (Chrono Boost)  
  42  5:10  Shield Battery  
  43  5:16  Probe (Chrono Boost)  
  45  5:23  Robotics Facility  
  45  5:25  Probe (Chrono Boost)  
  45  5:27  Probe (Chrono Boost)  
  46  5:33  Probe (Chrono Boost)  
  46  5:34  Adept  
  46  5:35  Adept  
  52  5:36  Probe (Chrono Boost)  
  52  5:40  Probe (Chrono Boost)  
  53  5:43  Probe (Chrono Boost)  
  53  5:47  Forge, Probe  
  55  5:55  Probe  
  56  5:59  Probe  
  57  6:07  Probe  
  57  6:10  Assimilator  
  55  6:11  Probe  
  55  6:12  Observer (Chrono Boost)  
  56  6:19  Probe  
  56  6:21  Nexus  
  56  6:22  Pylon  
  56  6:23  Protoss Ground Weapons Level 1 (Chrono Boost), Probe  
  58  6:31  Immortal (Chrono Boost)  
  62  6:39  Pylon  
  62  6:41  Probe x2  
  64  6:48  Shield Battery  
  64  6:59  Probe x2  
  64  7:00  Gateway  
  66  7:04  Stalker x2  
  70  7:12  Probe x2  
  70  7:16  Robotics Bay, Pylon  
  70  7:24  Observer  
  70  7:30  Immortal (Chrono Boost)  
  70  7:31  Photon Cannon  
  70  7:33  Probe x2  
  70  7:36  Stalker x3  
  82  7:42  Probe  
  83  7:45  Shield Battery, Probe  
  83  7:50  Dark Shrine  
  83  7:55  Stalker  
  85  8:00  Stalker  
  85  8:01  Stalker x2  
  91  8:07  Disruptor (Chrono Boost)  
  91  8:08  Pylon  
  93  8:26  Probe x3  
  96  8:27  Assimilator  
  96  8:28  Pylon  
  96  8:32  Assimilator  
  96  8:36  Observer  
  96  8:38  Probe x3  
  100  8:42  Pylon  
  100  8:45  Pylon  
  100  8:48  Gateway  
  100  8:50  Gateway, Probe x2  
  102  8:58  Disruptor  
  102  9:08  Dark Templar  
  104  9:10  Dark Templar, Probe  
  104  9:11  Probe x2  
  104  9:16  Photon Cannon  
  109  9:22  Zealot  
  109  9:23  Dark Templar  
  106  9:24  Probe  
  106  9:25  Probe  
  101  9:43  Assimilator  
  88  10:00  Nexus  
  88  10:01  Pylon  
  86  10:10  Pylon  
  86  10:13  Pylon  
  84  10:14  Pylon  
  84  10:16  Disruptor (Chrono Boost)  
  84  10:19  Probe  
  86  10:26  Gateway  
  86  10:29  Photon Cannon, Pylon  
  86  10:31  Shield Battery  
  86  10:32  Pylon, Shield Battery  
  86  10:33  Assimilator  
  86  10:37  Assimilator  
  86  10:39  Stalker x5  
  94  10:44  Shield Battery  
  94  10:46  Photon Cannon  
Tags
 
Add a new tag
Caveats
  • Supply blocks, unpowered buildings, or Contaminate may cause inaccurate times.
  • Supply counts are checked every 10 seconds.